[Event "Titled Tuesday Blitz November 14 Early 2023"]
[White "Fromm, Marius"]
[Black "Xu, Yi"]
[WhiteFideId "12993190"]
[BlackFideId "8605564"]
[WhiteElo "2650"]
[BlackElo "2813"]
[Result "0-1"]
[Round "10"]
[TimeControl "180+1"]
[Date "2023.11.14"]
[WhiteClock "0:00:00"]
[BlackClock "0:00:10"]
[Board "38"]

1. e4 c6 2. d4 d5 3. exd5 cxd5 4. Bd3 Nc6 5. c3 g6 6. Nf3 Bf5 7. Be2 Nf6 8. Bf4 e6 9. Nbd2 Bd6 10. Bxd6 Qxd6 11. O-O O-O 12. Re1 a6 13. h3 h5 14. Rc1 Rac8 15. b4 Qf4 16. Bf1 h4 17. Qe2 Kg7 18. a4 g5 19. b5 axb5 20. axb5 Na5 21. Ne5 g4 22. hxg4 Nxg4 23. Nxg4 Bxg4 24. Qe3 Qxe3 25. Rxe3 b6 26. g3 Kf6 27. gxh4 Rh8 28. Nf3 Rcg8 29. Kh2 Ke7 30. Ne5 Bf5 31. Rg3 Rxh4+ 32. Kg2 Rxg3+ 33. Kxg3 Rh1 34. Kg2 Rh8 35. c4 Bh3+ 36. Kf3 Bxf1 37. Rxf1 dxc4 38. Rc1 Rc8 39. Ke4 f6 40. Nf3 Kd6 41. Nd2 f5+ 42. Ke3 Kd5 0-1


[Site "https://www.chess.com"]

[Event "Titled Tuesday Blitz November 14 Early 2023"]
[White "Materia, Marco"]
[Black "Adla, Diego"]
[WhiteFideId "45150451"]
[BlackFideId "100072"]
[WhiteElo "2796"]
[BlackElo "2640"]
[Result "1/2-1/2"]
[Round "10"]
[TimeControl "180+1"]
[Date "2023.11.14"]
[WhiteClock "0:00:49"]
[BlackClock "0:00:12"]
[Board "39"]

1. d4 Nf6 2. c4 e6 3. Nf3 d5 4. Nc3 Bb4 5. cxd5 exd5 6. Bf4 Ne4 7. Qb3 c5 8. a3 Bxc3+ 9. bxc3 c4 10. Qb2 O-O 11. e3 Nc6 12. Be2 Qb6 13. Qc2 Bf5 14. Nh4 Be6 15. Bxc4 Qa5 16. Bd3 Rfc8 17. O-O Ne7 18. Nf3 Rxc3 19. Qb1 Rac8 20. Bxe4 dxe4 21. Qxe4 Nd5 22. Ng5 Nf6 23. Qxb7 Bd5 24. Qb4 Qa6 25. Rfe1 h6 26. Nh3 Qc6 27. f3 Bxf3 28. gxf3 Qxf3 29. Nf2 Rc2 30. Rf1 Ne4 31. Qb7 Rxf2 32. Qxc8+ Kh7 33. Qf5+ Kg8 34. Qc8+ Kh7 35. Rxf2 Qxf2+ 36. Kh1 Qf3+ 37. Kg1 Qf2+ 38. Kh1 Qf3+ 39. Kg1 Qf2+ 1/2-1/2


[Site "https://www.chess.com"]

[Event "Titled Tuesday Blitz November 14 Early 2023"]
[White "Sousa, Andre Ventura"]
[Black "Molina, Roberto Junio Brito"]
[WhiteFideId "1917617"]
[BlackFideId "2109450"]
[WhiteElo "2634"]
[BlackElo "2794"]
[Result "1-0"]
[Round "10"]
[TimeControl "180+1"]
[Date "2023.11.14"]
[WhiteClock "0:00:22"]
[BlackClock "0:00:00"]
[Board "40"]

1. e4 c6 2. d4 d5 3. e5 Bf5 4. Nf3 e6 5. Be2 Nd7 6. O-O Bg6 7. a4 Rc8 8. a5 a6 9. c3 Ne7 10. b4 Nf5 11. Nbd2 Be7 12. Ne1 O-O 13. f4 Ne3 14. Qb3 Nxf1 15. Nxf1 f6 16. Ng3 fxe5 17. fxe5 Bg5 18. Bg4 Re8 19. Nf3 Bxc1 20. Rxc1 Qe7 21. h4 h6 22. h5 Bh7 23. Qd1 Rf8 24. Qd2 Rf7 25. Kh2 Rcf8 26. Kh3 Rf4 27. Ne2 R4f7 28. Ng3 Kh8 29. Rh1 Kg8 30. Re1 Qe8 31. Ne2 Bf5 32. Bxf5 Rxf5 33. Ng3 Rxf3 34. gxf3 Rxf3 35. Kg2 Qf7 36. Re3 Rf4 37. Qe2 Nf8 38. Rf3 g6 39. Qf2 Rxf3 40. Qxf3 Qxf3+ 41. Kxf3 Kg7 42. Kg4 Nh7 43. hxg6 Kxg6 44. Nh5 Ng5 45. Nf4+ Kf7 46. Kh5 Ne4 47. Ne2 Kg7 48. Kg4 Nf2+ 49. Kh5 Nd3 50. Ng3 Kh7 51. Ne2 Nf2 52. Nf4 Ne4 53. Nxe6 Nxc3 54. Nd8 Nb5 55. e6 Nc7 56. e7 Kg7 57. Ne6+ Kf6 58. Nxc7 Kxe7 59. Kxh6 Kf6 60. Ne8+ Kf5 61. Nd6+ Kf4 62. Nxb7 Ke4 63. Nc5+ Kxd4 64. Nxa6 Kc4 65. Nc5 Kb5 66. Nd3 d4 67. Kg5 Kc4 68. a6 Kxd3 69. a7 Kc2 70. a8=Q d3 71. Qxc6+ 1-0


[Site "https://www.chess.com"]

[Event "Titled Tuesday Blitz November 14 Early 2023"]
[White "Suyarov, Mukhammadzokhid"]
[Black "Stark, Lars"]
[WhiteFideId "14210495"]
[BlackFideId "4676386"]
[WhiteElo "2779"]
[BlackElo "2632"]
[Result "1-0"]
[Round "10"]
[TimeControl "180+1"]
[Date "2023.11.14"]
[WhiteClock "0:00:19"]
[BlackClock "0:00:00"]
[Board "41"]

1. e4 e6 2. d4 d5 3. Nc3 Nf6 4. e5 Nfd7 5. Nce2 c5 6. c3 cxd4 7. cxd4 f6 8. Nf4 Bb4+ 9. Bd2 Qb6 10. exf6 Nxf6 11. Nf3 O-O 12. Nd3 Bd6 13. Be2 Nc6 14. Be3 Ng4 15. O-O Nxe3 16. fxe3 Bd7 17. Qe1 Rae8 18. Qh4 e5 19. Qh5 g6 20. Qh6 Rf5 21. Ng5 Re7 22. g4 Rxf1+ 23. Rxf1 Qd8 24. Nxh7 Rxh7 25. Qxg6+ Rg7 26. Qxd6 exd4 27. Qxd5+ Kh8 28. Ne5 Be8 29. Rf8+ Kh7 30. Bd3+ Kh6 31. Rh8+ 1-0


[Site "https://www.chess.com"]

[Event "Titled Tuesday Blitz November 14 Early 2023"]
[White "Atakhan, Abtin"]
[Black "Souleidis, Georgios"]
[WhiteFideId "22502203"]
[BlackFideId "4206827"]
[WhiteElo "2749"]
[BlackElo "2617"]
[Result "1-0"]
[Round "10"]
[TimeControl "180+1"]
[Date "2023.11.14"]
[WhiteClock "0:00:11"]
[BlackClock "0:00:00"]
[Board "42"]

1. c4 e5 2. g3 Nc6 3. Nc3 Bc5 4. Bg2 a6 5. e3 d6 6. Nf3 Nf6 7. d4 Bb4 8. h3 O-O 9. O-O exd4 10. exd4 Bxc3 11. bxc3 h6 12. Rb1 Re8 13. Qd3 Ne7 14. g4 c6 15. Bf4 h5 16. g5 Nh7 17. Nh4 Nf8 18. Qg3 d5 19. c5 Nfg6 20. Nxg6 Nxg6 21. Bc7 Qd7 22. Rfe1 Rxe1+ 23. Rxe1 h4 24. Qh2 Nf8 25. Bd6 Ne6 26. Qe5 Qd8 27. f4 Bd7 28. Rb1 Qc8 29. Bf1 g6 30. Qf6 Qd8 31. Rxb7 Qxf6 32. gxf6 Be8 33. Be2 a5 34. Bg4 Nf8 35. a4 Nh7 36. Be5 Nf8 37. Be2 Ne6 38. Kf2 Nf8 39. Kf3 Bd7 40. Kg2 Bf5 41. Bg4 1-0


[Site "https://www.chess.com"]

[Event "Titled Tuesday Blitz November 14 Early 2023"]
[White "Panchenko, Dmitry"]
[Black "Vlassov, Nikolai"]
[WhiteFideId "4169158"]
[BlackFideId "4103360"]
[WhiteElo "2744"]
[BlackElo "2613"]
[Result "1-0"]
[Round "10"]
[TimeControl "180+1"]
[Date "2023.11.14"]
[WhiteClock "0:00:20"]
[BlackClock "0:00:25"]
[Board "43"]

1. e4 Nc6 2. Nf3 d5 3. exd5 Qxd5 4. Be2 Bg4 5. h3 Bh5 6. d4 O-O-O 7. c4 Qd7 8. g4 Bg6 9. d5 Nb4 10. O-O e6 11. a3 Na6 12. Nc3 exd5 13. cxd5 Nc5 14. Bf4 Bd6 15. Qd4 Kb8 16. Bc4 h5 17. Bxd6 cxd6 18. b4 hxg4 19. hxg4 Ne4 20. Nxe4 Qxg4+ 21. Ng3 Qxf3 22. Rfe1 Nf6 23. Bf1 Qxd5 24. Rad1 Qxd4 25. Rxd4 Rhe8 26. Red1 d5 27. Bg2 Re5 28. Nf1 Rg5 29. f4 Rg4 30. Ne3 Rg3 31. Kf2 Rxe3 32. Kxe3 Re8+ 33. Kf2 Ng4+ 34. Kg1 Re3 35. Rxd5 Rxa3 36. Rd8+ Kc7 37. R1d7+ Kb6 38. Rxb7+ Ka6 39. Rd6# 1-0


[Site "https://www.chess.com"]

[Event "Titled Tuesday Blitz November 14 Early 2023"]
[White "Korchmar, Vasiliy"]
[Black "borocotoajua"]
[WhiteFideId "24131750"]
[WhiteElo "2742"]
[BlackElo "2602"]
[Result "1-0"]
[Round "10"]
[TimeControl "180+1"]
[Date "2023.11.14"]
[WhiteClock "0:00:03"]
[BlackClock "0:00:00"]
[Board "44"]

1. e4 c6 2. d4 d5 3. exd5 cxd5 4. Bd3 Nf6 5. c3 Nc6 6. Bf4 Bg4 7. Qb3 e5 8. dxe5 Nh5 9. Be3 Nxe5 10. Bb5+ Nc6 11. Nd2 Bd6 12. Qxd5 O-O 13. Ngf3 Re8 14. O-O-O Nf6 15. Qg5 h6 16. Qh4 Qa5 17. Nc4 Qxb5 18. Nxd6 Qa4 19. Nxe8 Rxe8 20. Kb1 Bf5+ 21. Ka1 Re4 22. Qg3 Na5 23. b4 Be6 24. Rd2 Nb3+ 25. Kb1 Nxd2+ 26. Nxd2 Qxa2+ 27. Kc1 Qa1+ 28. Kc2 Qxh1 29. Nxe4 Nxe4 30. Qb8+ Kh7 31. Qxb7 Qxg2 32. Qxa7 Bf5 33. Kb2 Qf1 34. Qxf7 Bg6 35. Qb3 Qe2+ 36. Qc2 Qa6 37. Qd1 Nd6 38. Qd5 Nc4+ 39. Kb3 1-0


[Site "https://www.chess.com"]

[Event "Titled Tuesday Blitz November 14 Early 2023"]
[White "Sattarov, Bobir"]
[Black "Tikhonov, Viacheslav"]
[WhiteFideId "14203081"]
[BlackFideId "44196407"]
[WhiteElo "2741"]
[BlackElo "2601"]
[Result "1-0"]
[Round "10"]
[TimeControl "180+1"]
[Date "2023.11.14"]
[WhiteClock "0:00:53"]
[BlackClock "0:00:01"]
[Board "45"]

1. e4 c5 2. Nc3 g6 3. Nge2 Bg7 4. d4 cxd4 5. Nxd4 Nc6 6. Be3 Nf6 7. Nxc6 bxc6 8. e5 Nd5 9. Nxd5 cxd5 10. Qxd5 Rb8 11. O-O-O Bb7 12. Qc5 O-O 13. Bd4 Bc6 14. f4 Re8 15. Rd2 Qc8 16. Bc4 Qb7 17. Rg1 a6 18. Bb3 Rbc8 19. Qb6 Qa8 20. g3 a5 21. a4 Bd5 22. Bxd5 Qxd5 23. Kb1 d6 24. Bc3 Qc4 25. Qb3 dxe5 26. fxe5 Qc5 27. Rf1 e6 28. Bd4 Qc7 29. Qe3 Rb8 30. b3 Qc6 31. Bb2 Red8 32. Qf2 Qc7 33. Rd6 Rxd6 34. exd6 Qd7 35. Bxg7 Kxg7 36. Qf6+ Kg8 37. Rd1 Qxa4 38. d7 Rxb3+ 39. cxb3 Qxb3+ 40. Kc1 Qe3+ 41. Rd2 Qa3+ 42. Kd1 Qb3+ 43. Ke2 Qc4+ 44. Kf2 Qc5+ 45. Qd4 Qa3 46. d8=Q+ Qf8 47. Qh8+ Kxh8 48. Qxf8# 1-0


[Site "https://www.chess.com"]

[Event "Titled Tuesday Blitz November 14 Early 2023"]
[White "Ambartsumova, Karina"]
[Black "Hambleton, Aman"]
[WhiteFideId "4166299"]
[BlackFideId "2606577"]
[WhiteElo "2599"]
[BlackElo "2734"]
[Result "1-0"]
[Round "10"]
[TimeControl "180+1"]
[Date "2023.11.14"]
[WhiteClock "0:00:02"]
[BlackClock "0:00:00"]
[Board "46"]

1. d4 b6 2. c4 Bb7 3. Nc3 e6 4. Nf3 Bb4 5. g3 Nf6 6. Bg2 O-O 7. O-O Bxc3 8. bxc3 d6 9. Nd2 Bxg2 10. Kxg2 c5 11. e4 Nc6 12. d5 Na5 13. Qe2 Re8 14. Qd3 Qd7 15. f3 Qa4 16. Bb2 Re7 17. Rae1 Rae8 18. a3 h6 19. Bc1 a6 20. dxe6 Rxe6 21. Re2 Nd7 22. f4 Nf6 23. Rfe1 b5 24. cxb5 axb5 25. e5 dxe5 26. Rxe5 Rxe5 27. Rxe5 Rf8 28. Nf3 Nb3 29. Qc2 Qc4 30. Re1 Rd8 31. Be3 Na5 32. Rd1 Rxd1 33. Qxd1 Qe4 34. Qd8+ Kh7 35. Bxc5 Nc4 36. Qd1 Ng4 37. Qe1 Qc2+ 38. Kh3 f5 39. Nd4 Nf2+ 40. Kh4 Qa2 41. Nxf5 1-0


[Site "https://www.chess.com"]

[Event "Titled Tuesday Blitz November 14 Early 2023"]
[White "Tasev, Dejan"]
[Black "Aradhya, Garg"]
[WhiteFideId "936618"]
[BlackFideId "25006746"]
[WhiteElo "2587"]
[BlackElo "2730"]
[Result "1/2-1/2"]
[Round "10"]
[TimeControl "180+1"]
[Date "2023.11.14"]
[WhiteClock "0:00:26"]
[BlackClock "0:00:18"]
[Board "47"]

1. e4 e5 2. Nf3 Nc6 3. Bc4 Nf6 4. d3 h6 5. Nc3 Bb4 6. Bd2 O-O 7. h3 Bxc3 8. Bxc3 d5 9. exd5 Nxd5 10. Bd2 Nb6 11. Bb3 a5 12. a3 Re8 13. O-O a4 14. Ba2 Be6 15. Re1 Bxa2 16. Rxa2 f5 17. Bc3 Qd5 18. Ra1 e4 19. dxe4 fxe4 20. Nh2 Qf5 21. Qg4 Qxg4 22. Nxg4 Nd5 23. Bd2 Nd4 24. Rac1 Ra6 25. Ne3 Nf6 26. Bc3 c5 27. Rcd1 Rd8 28. Rd2 Rad6 29. Red1 Kf7 30. Kf1 Ke6 31. Nc4 Rd5 32. Nb6 R5d6 33. Nc4 Rd5 34. Nb6 R5d6 35. Nxa4 b6 36. b4 Nb5 37. Rxd6+ Rxd6 38. Rxd6+ Kxd6 39. Bxf6 gxf6 40. Nxb6 Nxa3 41. bxc5+ Kxc5 42. Nd7+ Kd4 43. Nxf6 Nxc2 44. Ke2 e3 45. fxe3+ Nxe3 46. Kf3 Nf5 47. Kf4 Ng7 48. Ng4 h5 49. Nf6 Kd3 50. h4 Ke2 51. g4 hxg4 52. Kxg4 Ke3 53. Kg5 Kf3 54. Nd7 Ne6+ 55. Kg6 Kg4 56. h5 Nf4+ 57. Kh6 Nxh5 1/2-1/2


[Site "https://www.chess.com"]

[Event "Titled Tuesday Blitz November 14 Early 2023"]
[White "aghasiyevkamal"]
[Black "Begmuratov, Alisher"]
[BlackFideId "14203367"]
[WhiteElo "2593"]
[BlackElo "2715"]
[Result "0-1"]
[Round "10"]
[TimeControl "180+1"]
[Date "2023.11.14"]
[WhiteClock "0:00:15"]
[BlackClock "0:01:10"]
[Board "48"]

1. e4 e5 2. Nf3 Nc6 3. Bc4 Bc5 4. d3 Nf6 5. c3 d6 6. O-O h6 7. Bb3 O-O 8. Nbd2 a6 9. h3 Ba7 10. Re1 Ne7 11. Nf1 Ng6 12. Ng3 Be6 13. d4 Bxb3 14. Qxb3 Qc8 15. Be3 Kh7 16. Rad1 b5 17. dxe5 dxe5 18. Bxa7 Rxa7 19. c4 c5 20. cxb5 c4 21. Qb4 axb5 22. a3 Rb7 23. Rd6 Rd8 24. Red1 Rxd6 25. Rxd6 Rd7 26. Rxf6 gxf6 27. Nh5 Qc6 28. g3 Kh8 29. Qa5 Qxe4 0-1


[Site "https://www.chess.com"]

[Event "Titled Tuesday Blitz November 14 Early 2023"]
[White "Chinguun, Sumiya"]
[Black "Santos Flores, Alberto"]
[WhiteFideId "4902572"]
[BlackFideId "3601234"]
[WhiteElo "2699"]
[BlackElo "2565"]
[Result "1/2-1/2"]
[Round "10"]
[TimeControl "180+1"]
[Date "2023.11.14"]
[WhiteClock "0:00:12"]
[BlackClock "0:00:07"]
[Board "49"]

1. e4 e6 2. d4 d5 3. Nc3 Nf6 4. e5 Nfd7 5. f4 c5 6. Nf3 Nc6 7. Ne2 Be7 8. c3 b5 9. g3 a5 10. Bg2 b4 11. O-O Ba6 12. Be3 a4 13. a3 bxc3 14. bxc3 cxd4 15. cxd4 O-O 16. g4 f5 17. gxf5 Rxf5 18. Bh3 Qf8 19. Qc2 Rc8 20. Bxf5 Nxd4 21. Bxh7+ Kh8 22. Nfxd4 Rxc2 23. Bxc2 Nc5 24. Rf3 Kg8 25. Ng3 Qc8 26. f5 exf5 27. Ngxf5 Bf8 28. Raf1 Bxf1 29. Rxf1 Ne6 30. Bxa4 Nxd4 31. Bxd4 Qa6 32. Bd7 Qxa3 33. e6 Bc5 34. Bxc5 Qxc5+ 35. Rf2 Qc7 36. Rf3 g6 37. Ne7+ Kg7 38. Kg2 Qc2+ 39. Rf2 Qc5 40. Nc8 d4 41. Rf3 Qd5 42. Ne7 Qd6 43. Rf7+ Kh6 44. Ng8+ Kg5 45. h4+ Kxh4 46. e7 Qd5+ 47. Rf3 Qxd7 48. Rf4+ Kg5 49. Re4 Qe8 50. Re5+ Kf4 51. Re6 Kf5 52. Re1 d3 53. Rf1+ Kg5 54. Rf8 Qc6+ 55. Kg3 Qd6+ 56. Kh3 Qe6+ 57. Kg3 Qe3+ 58. Kg2 Qe4+ 59. Kg3 Qe3+ 60. Kg2 Qe4+ 61. Kg3 Qe3+ 1/2-1/2


[Site "https://www.chess.com"]

[Event "Titled Tuesday Blitz November 14 Early 2023"]
[White "Hasangatin, Ramil"]
[Black "Novik, Maxim"]
[WhiteFideId "4122160"]
[BlackFideId "4102924"]
[WhiteElo "2689"]
[BlackElo "2554"]
[Result "1-0"]
[Round "10"]
[TimeControl "180+1"]
[Date "2023.11.14"]
[WhiteClock "0:00:05"]
[BlackClock "0:00:00"]
[Board "50"]

1. e4 c6 2. Nf3 d5 3. d3 Nd7 4. g3 e5 5. Bg2 dxe4 6. dxe4 Ngf6 7. Qe2 Bc5 8. O-O O-O 9. a3 a5 10. Ne1 b6 11. Nd3 Ba6 12. Be3 Qc7 13. Nc3 Rfd8 14. Rfd1 Bd4 15. Qe1 Bxc3 16. Qxc3 c5 17. Bg5 Bb7 18. Bxf6 Nxf6 19. Qxe5 Qxe5 20. Nxe5 Bxe4 21. Bxe4 Nxe4 22. Nc6 Rxd1+ 23. Rxd1 Kf8 24. a4 Nf6 25. Rd6 Re8 26. Kf1 Re6 27. Rxe6 fxe6 28. Ne5 Ke7 29. Nc4 Nd7 30. Ke2 e5 31. Ke3 Ke6 32. Ke4 Nf6+ 33. Kd3 Nd7 34. f3 h6 35. h4 g5 36. h5 Nf6 37. g4 e4+ 38. Ke3 exf3 39. Kxf3 Nd5 40. c3 Kd7 41. Ke4 Ke6 42. Kf3 Kf6 43. Nd6 Ne7 44. Ke4 Ke6 45. Nc4 Nd5 46. Ne3 Nf6+ 47. Kf3 Nd7 48. Nf5 Ne5+ 49. Kg3 Nf7 50. Kf2 Ke5 51. Ke3 Kd5 52. b3 c4 53. b4 Ke5 54. b5 Kd5 55. Ne7+ Ke6 56. Nc8 Ne5 57. Nxb6 Nxg4+ 58. Kd4 Nf6 59. Nxc4 g4 60. Ne3 g3 61. c4 Nxh5 62. c5 Nf4 63. b6 Kd7 64. Ke5 g2 65. Nxg2 Nxg2 66. b7 Kc7 67. c6 Ne3 68. Ke6 Nc4 69. Kd5 Nb6+ 70. Kc5 Nxa4+ 71. Kb5 Nc3+ 72. Ka6 Kb8 73. c7+ Kxc7 74. Ka7 Nb5+ 75. Ka8 a4 76. b8=Q+ Kc6 77. Qe8+ Kc5 78. Qe5+ Kb4 79. Qe4+ Kb3 80. Qd5+ Kb4 81. Kb7 a3 82. Kb6 Nc3 83. Qa5+ Kb3 84. Kc5 a2 85. Qb4+ 1-0


[Site "https://www.chess.com"]

[Event "Titled Tuesday Blitz November 14 Early 2023"]
[White "Maltsevskaya, Aleksandra"]
[Black "Toktomushev, Teimur"]
[WhiteFideId "24174041"]
[BlackFideId "14176726"]
[WhiteElo "2680"]
[BlackElo "2546"]
[Result "1/2-1/2"]
[Round "10"]
[TimeControl "180+1"]
[Date "2023.11.14"]
[WhiteClock "0:00:05"]
[BlackClock "0:00:01"]
[Board "51"]

1. Nf3 d5 2. g3 Nf6 3. Bg2 e6 4. O-O Be7 5. d3 O-O 6. Nbd2 c5 7. e4 Nc6 8. Re1 Qc7 9. Nf1 dxe4 10. dxe4 Rd8 11. Qe2 b6 12. c3 a5 13. Bf4 Qa7 14. Qc2 Ba6 15. Rad1 h6 16. h4 Nh5 17. Bc1 Qc7 18. Ne3 Rxd1 19. Rxd1 Rd8 20. e5 Rxd1+ 21. Qxd1 g6 22. Ng4 Qd8 23. Nxh6+ Kf8 24. Qe1 Qd3 25. Bg5 Bxg5 26. Nxg5 Nd8 27. Be4 Qd7 28. b3 Ng7 29. Qe3 Nf5 30. Nxf5 exf5 31. Bf3 Bb7 32. Nh7+ Kg7 33. Nf6 Qe6 34. Bxb7 Nxb7 35. h5 Nd8 36. h6+ Kh8 37. Qd2 Nc6 38. Qd6 Qxd6 39. exd6 b5 40. Kf1 a4 41. bxa4 bxa4 42. Ke2 Ne5 43. f4 Nc6 44. d7 c4 45. Ke3 a3 46. Ne8 Nd8 47. Kd4 Kh7 48. Kxc4 Kxh6 49. Kd5 Kh5 50. Nf6+ Kh6 51. c4 Kg7 52. Ne8+ Kf8 53. c5 Ke7 54. c6 Ne6 55. Nd6 g5 56. fxg5 f4 57. Nxf7 fxg3 58. Ne5 g2 59. Nf3 Nxg5 60. Ng1 Ne6 61. Kc4 Kd6 62. Kb5 Nd4+ 63. Kb6 Nxc6 64. Kb5 Kxd7 65. Ka4 Kd6 66. Kxa3 Kd5 67. Kb3 Nd4+ 68. Kc3 Ke4 69. a4 Nf3 70. Nh3 Kf5 71. a5 Kg4 72. a6 Kxh3 73. a7 g1=Q 74. a8=Q Qc5+ 75. Kd3 Ne5+ 76. Ke4 Nc4 77. Qh8+ Kg2 78. Qg7+ Kf1 79. Qd4 Nd6+ 80. Kd3 Qf5+ 81. Kd2 Qg5+ 82. Kd1 Qh5+ 83. Kd2 Qe2+ 84. Kc1 Qe1+ 85. Qd1 Qxd1+ 86. Kxd1 1/2-1/2


[Site "https://www.chess.com"]

[Event "Titled Tuesday Blitz November 14 Early 2023"]
[White "Pourkashiyan, Atousa"]
[Black "Hristodoulou, Panagiotis"]
[WhiteFideId "12502014"]
[BlackFideId "4214340"]
[WhiteElo "2543"]
[BlackElo "2656"]
[Result "0-1"]
[Round "10"]
[TimeControl "180+1"]
[Date "2023.11.14"]
[WhiteClock "0:00:00"]
[BlackClock "0:00:39"]
[Board "52"]

1. e4 e5 2. Nf3 Nc6 3. Bb5 g6 4. c3 a6 5. Ba4 Bg7 6. O-O Nge7 7. d4 exd4 8. cxd4 O-O 9. Nc3 d6 10. d5 Na5 11. Re1 b5 12. Bc2 Bb7 13. Bf4 Rc8 14. Nd4 Re8 15. b4 c5 16. dxc6 Naxc6 17. Nxc6 Rxc6 18. Ne2 Bxa1 19. Qxa1 Rxc2 20. Bh6 Nf5 21. exf5 Re5 22. Ng3 Qb6 23. Rf1 Qc6 24. f3 Qc3 25. Qd1 Qb2 0-1


[Site "https://www.chess.com"]

[Event "Titled Tuesday Blitz November 14 Early 2023"]
[White "DavitSantryan02"]
[Black "GatoRojo150"]
[WhiteElo "2136"]
[BlackElo "2650"]
[Result "1-0"]
[Round "10"]
[TimeControl "180+1"]
[Date "2023.11.14"]
[WhiteClock "0:00:58"]
[BlackClock "0:00:03"]
[Board "53"]

1. Nf3 d5 2. g3 Nc6 3. d4 Bg4 4. Bg2 Qd7 5. h3 Bxf3 6. Bxf3 Nf6 7. Nc3 O-O-O 8. a3 e5 9. Bg5 exd4 10. Bxf6 dxc3 11. Bxc3 Kb8 12. Qd3 f6 13. O-O-O Bc5 14. e3 Ne7 15. g4 c6 16. g5 fxg5 17. Rhg1 h6 18. Bxg7 Qxh3 19. Bxh8 Rxh8 20. Rg3 Qh2 21. Qc3 Re8 22. Qxc5 Qxf2 23. Qd6+ Ka8 24. Bh5 Nf5 25. Qd7 Rb8 26. Rf3 Qh4 27. Rxf5 Qxh5 28. Rdf1 Qe2 29. Qe7 a6 30. b3 d4 31. Rf8 Qxe3+ 32. Qxe3 dxe3 33. Rxb8+ Kxb8 34. Rh1 Kc7 35. Rxh6 Kb6 36. Rg6 a5 37. Rxg5 e2 38. Kd2 e1=Q+ 39. Kxe1 a4 40. bxa4 Ka6 41. Kd2 Kb6 42. Kc3 Ka6 43. Kb4 Kb6 44. Rg8 Kc7 45. a5 Kd6 46. Rg6+ Kc7 47. Kc5 Kb8 48. Kb6 Kc8 49. Rd6 c5 50. c4 1-0


[Site "https://www.chess.com"]

[Event "Titled Tuesday Blitz November 14 Early 2023"]
[White "AlmasRakhmatullaev"]
[Black "Statham_l3"]
[WhiteElo "2856"]
[BlackElo "2569"]
[Result "1-0"]
[Round "10"]
[TimeControl "180+1"]
[Date "2023.11.14"]
[WhiteClock "0:01:01"]
[BlackClock "0:00:00"]
[Board "54"]

1. e4 e5 2. Nf3 Nc6 3. Bc4 Bc5 4. c3 Nf6 5. d4 exd4 6. cxd4 Bb4+ 7. Nbd2 d5 8. exd5 Nxd5 9. O-O O-O 10. a3 Be7 11. Re1 Bg4 12. h3 Bh5 13. Qb3 Na5 14. Qd3 Nxc4 15. Nxc4 Bf6 16. Nce5 Qd6 17. Qb3 Rfe8 18. Bd2 a5 19. Rac1 a4 20. Qxb7 Rab8 21. Qc6 Bxf3 22. Qxd6 cxd6 23. Nxf3 Kf8 24. Rxe8+ Kxe8 25. Rc2 Kd7 26. Kf1 Re8 27. Rc4 Rb8 28. Bc1 Ra8 29. Ke2 Nb6 30. Rc2 Nd5 31. Kd3 h6 32. g3 Rb8 33. Rc4 Rb3+ 34. Ke2 Nb6 35. Rc2 Ke6 36. Nd2 Rb5 37. Kd3 Kd5 38. Ne4 Rb3+ 39. Nc3+ Kc6 40. Be3 g5 41. Ke4 d5+ 42. Nxd5+ Kd6 43. Nxf6 1-0


[Site "https://www.chess.com"]

[Event "Titled Tuesday Blitz November 14 Early 2023"]
[White "LouieKov2022"]
[Black "Weetik, Vjacheslav"]
[BlackFideId "4153472"]
[WhiteElo "2561"]
[BlackElo "2801"]
[Result "0-1"]
[Round "10"]
[TimeControl "180+1"]
[Date "2023.11.14"]
[WhiteClock "0:00:00"]
[BlackClock "0:00:52"]
[Board "55"]

1. e4 c6 2. d4 d5 3. Nd2 dxe4 4. Nxe4 Nf6 5. Nxf6+ exf6 6. Bc4 Qe7+ 7. Qe2 Qxe2+ 8. Nxe2 Bd6 9. Bf4 Bxf4 10. Nxf4 O-O 11. O-O-O Nd7 12. Rhe1 Nb6 13. Bb3 a5 14. a3 Bd7 15. Re7 Rad8 16. d5 c5 17. c4 Nc8 18. Re3 Nd6 19. Nd3 b6 20. Rde1 g5 21. a4 Kg7 22. Kd2 h6 23. Kc3 Rfe8 24. Bc2 Rxe3 25. Rxe3 f5 26. Nc1 f4 27. Re1 Kf6 28. b3 h5 29. Nd3 Bf5 30. Ne5 Re8 31. Nf3 g4 32. Rxe8 Nxe8 33. Nd2 Nd6 34. Bxf5 Kxf5 35. Kd3 Ke5 36. f3 f5 37. Nb1 Nf7 38. Nc3 Ng5 39. Ke2 h4 40. Nb5 h3 41. gxh3 Nxf3 42. hxg4 fxg4 43. h3 Ng1+ 44. Kd3 gxh3 45. d6 Ke6 46. Ke4 h2 47. Kxf4 h1=Q 0-1


[Site "https://www.chess.com"]

[Event "Titled Tuesday Blitz November 14 Early 2023"]
[White "ChainedDowntohell"]
[Black "Kopylov, Alexander A."]
[BlackFideId "4164857"]
[WhiteElo "2554"]
[BlackElo "2790"]
[Result "1-0"]
[Round "10"]
[TimeControl "180+1"]
[Date "2023.11.14"]
[WhiteClock "0:02:00"]
[BlackClock "0:01:33"]
[Board "56"]

1. d4 Nf6 2. c4 e6 3. Nf3 d5 4. Nc3 Bb4 5. cxd5 exd5 6. Bf4 O-O 7. e3 a6 8. Bd3 b5 9. O-O Bb7 10. Ne5 Nbd7 11. Qf3 c5 12. Bg5 Bxc3 13. Nxd7 Qxd7 14. Bxf6 Bxb2 15. Bxh7+ Kxh7 16. Qh5+ Kg8 17. Qg5 Qg4 18. Qxg4 g6 19. Qh4 1-0


[Site "https://www.chess.com"]

[Event "Titled Tuesday Blitz November 14 Early 2023"]
[White "Alen_Yeremyann"]
[Black "Bilan, Danila"]
[BlackFideId "24161918"]
[WhiteElo "2767"]
[BlackElo "2551"]
[Result "1-0"]
[Round "10"]
[TimeControl "180+1"]
[Date "2023.11.14"]
[WhiteClock "0:00:51"]
[BlackClock "0:00:00"]
[Board "57"]

1. e4 c6 2. Nc3 d5 3. Qe2 d4 4. Nd1 e5 5. d3 c5 6. g3 Nc6 7. Bg2 Nf6 8. f4 Bg4 9. Nf3 Bd6 10. O-O O-O 11. f5 b5 12. Nf2 Bxf3 13. Bxf3 Rc8 14. g4 c4 15. g5 Nd7 16. Nh3 cxd3 17. cxd3 Nb4 18. g6 Qh4 19. gxf7+ Kh8 20. Bg2 Be7 21. a3 Nc2 22. Rb1 Ne3 23. Bxe3 dxe3 24. Kh1 Rxf7 25. Qxe3 Bc5 26. Qf3 Nf6 27. Qg3 Qxg3 28. hxg3 Be3 29. Rfe1 Bd2 30. Re2 Bc1 31. Bf3 Rd7 32. Nf2 g6 33. Kg2 Kg7 34. Re1 Rdc7 35. d4 gxf5 36. dxe5 Nxe4 37. Bxe4 fxe4 38. Nxe4 Rc2+ 39. Kh3 Bh6 40. Nd6 R8c5 41. Rbd1 Rxb2 42. Kg4 1-0


[Site "https://www.chess.com"]

[Event "Titled Tuesday Blitz November 14 Early 2023"]
[White "Bettalli, Francesco"]
[Black "Rosen, Eric"]
[WhiteFideId "2816453"]
[BlackFideId "2032562"]
[WhiteElo "2543"]
[BlackElo "2761"]
[Result "1-0"]
[Round "10"]
[TimeControl "180+1"]
[Date "2023.11.14"]
[WhiteClock "0:01:55"]
[BlackClock "0:00:16"]
[Board "58"]

1. e4 c5 2. Nc3 e6 3. Nge2 Nc6 4. d4 cxd4 5. Nxd4 Qc7 6. Be3 a6 7. g4 Bb4 8. Nxc6 Qxc6 9. Qd4 Bxc3+ 10. bxc3 f6 11. g5 e5 12. Qb4 d5 13. exd5 Qxd5 14. Rg1 Ne7 15. Bc4 Qf3 16. Be2 Qh3 17. gxf6 gxf6 18. Rg7 Nd5 19. Qd6 Be6 20. Bh5+ 1-0


[Site "https://www.chess.com"]

[Event "Titled Tuesday Blitz November 14 Early 2023"]
[White "Ilkhomi, Jaloliddin"]
[Black "TomLiu777"]
[WhiteFideId "14700948"]
[WhiteElo "2702"]
[BlackElo "2542"]
[Result "1-0"]
[Round "10"]
[TimeControl "180+1"]
[Date "2023.11.14"]
[WhiteClock "0:01:44"]
[BlackClock "0:00:00"]
[Board "59"]

1. Nf3 Nf6 2. d4 c5 3. c3 e6 4. Bf4 Nc6 5. e3 Qb6 6. Qb3 d5 7. Nbd2 c4 8. Qc2 Nh5 9. Bg5 h6 10. Bh4 g5 11. Bg3 Nxg3 12. hxg3 Bg7 13. Be2 Bd7 14. e4 O-O-O 15. b3 f5 16. e5 g4 17. Nh4 Nxd4 18. cxd4 Qxd4 19. Rd1 Bxe5 20. Ng6 Rhg8 21. Ne7+ Kb8 22. Nxg8 Rxg8 23. Nxc4 Qc3+ 24. Qxc3 Bxc3+ 25. Nd2 d4 26. O-O e5 27. Nb1 Bb4 28. a3 Bc5 29. b4 Bb6 30. Nd2 Ba4 31. Rc1 e4 32. Nc4 d3 33. Bd1 Bb5 34. Bb3 Rd8 35. Rfd1 Bxc4 36. Bxc4 e3 37. Rxd3 exf2+ 38. Kf1 Re8 39. Bb5 Rh8 40. a4 a6 41. a5 Ba7 42. Bd7 h5 43. Bxf5 h4 44. gxh4 g3 45. Rxg3 Bd4 46. Rh3 Re8 47. h5 1-0


[Site "https://www.chess.com"]